 Dungeon Crawl Stone Soup version 0.30-a0-603-g51a0fb1b98 (webtiles) character file.

Game seed: 735125772676215133

163 Armakuni the Gusty (level 6, -7/50 HPs)
             Began as a Meteoran Wanderer on Jan 7, 2023.
             Mangled by an ogre
             ... wielding a +0 giant club
              (19 damage)
             ... on level 4 of the Dungeon.
             The game lasted 00:08:55 (1693 turns).

Armakuni the Gusty (Meteoran Wanderer)              Turns: 1693, Time: 00:08:56

Health: -7/50      AC:  9    Str: 14    XL:     6   Next: 3%
Magic:  2/9        EV: 10    Int: 17    God:
Gold:   145        SH:  0    Dex: 12    Spells: 5/7 levels left

rFire   . . .      SeeInvis .    a - +0 spear (venom)
rCold   + . .      Faith    .    (no shield)
rNeg    . . .      Spirit   .    d - +0 ring mail
rPois   .          Reflect  .    g - +1 helmet
rElec   .          Harm     .    (no cloak)
rCorr   .          Rampage  .    m - +0 pair of gloves
Will    .....                    k - +0 pair of boots
Stlth   +                        (no amulet)
HPRegen 0.28/turn                J - ring of protection from cold
MPRegen 0.11/turn                (no ring)

@: glowing
A: sense surroundings 1, otherworldly, glowing, explore regen
a: no special abilities


You were on level 4 of the Dungeon.
You visited 1 branch of the dungeon, and saw 4 of its levels.

You collected 206 gold pieces.
You spent 61 gold pieces at shops.

Inventory:

Hand Weapons
 a - a +0 spear of venom (weapon)
 i - a +2 spear
 p - the +10 falchion of the Pits of Slime {venom, +Blink Int-5 Dex+7 Stlth+}
   (You found it on level 3 of the Dungeon)

   Int:       It affects your intelligence (-5).
   Dex:       It affects your dexterity (+7).
   +Blink:    It lets you blink.
   Stlth:     It makes you more stealthy.
Armour
 d - a +0 ring mail (worn)
 g - a +1 helmet (worn)
 k - a +0 pair of boots (worn)
 m - a +0 pair of gloves (worn)
Magical Staves
 b - a staff of air
Jewellery
 J - a ring of protection from cold (left hand)
Wands
 e - a wand of light (4)
Scrolls
 c - a scroll of teleportation
 o - a scroll of fog {unknown}
Potions
 f - 3 potions of lignification
 h - 2 potions of heal wounds
 j - 3 potions of curing
 l - a potion of berserk rage
 n - 2 potions of brilliance {unknown}


   Skills:
 - Level 2.4 Fighting
 - Level 3.6 Polearms
 - Level 1.2 Throwing
 - Level 2.4 Armour
 - Level 1.3 Spellcasting
 + Level 5.6 Air Magic
 - Level 1.2 Evocations


You had 5 spell levels left.
You knew the following spells:

 Your Spells              Type           Power      Damage    Failure   Level
z - Poisonous Vapours     Pois/Air       20%        N/A       19%         2

Your spell library contained the following spells:

 Spells                   Type           Power      Damage    Failure   Level
 Cigotuvi's Dreadful Rot  Necr/Pois/Air  14%        N/A       28%         2
 Portal Projectile        Hex/Tloc       2%         N/A       77%         3
 Tukima's Dance           Hex            1%         N/A       77%         3
 Blade Hands              Tmut           0%         N/A       100%        5


Dungeon Overview and Level Annotations

Branches:
Dungeon (4/15) Zot: 703
 Temple: D:4-7

Altars:
Qazlal

Shops:
D:3 [[(


Innate Abilities, Weirdness & Mutations

You passively map a small area around you.
You are easily found by Zot.
You glow in the dark.
You regain HP and MP as you explore.


Message History

Aim: an ogre, wielding a +0 giant club Poisonous vapours surround the ogre!
The ogre is poisoned.
Aiming: Poisonous Vapours (safe; 19% risk of failure)
Press: ? - help, Q - select action, (/) - cycle Dir - move target, f/p - ogre
Aim: an ogre, wielding a +0 giant club (poisoned) Poisonous vapours surround the ogre!
The ogre looks even sicker.
Aiming: Poisonous Vapours (safe; 19% risk of failure)
Press: ? - help, Q - select action, (/) - cycle Dir - move target, f/p - ogre
Aim: an ogre, wielding a +0 giant club (very poisoned)
You miscast Poisonous Vapours.
You are very lightly contaminated with residual magic.
Nothing appears to happen.
Aiming: Poisonous Vapours (safe; 19% risk of failure)
Press: ? - help, Q - select action, (/) - cycle Dir - move target, f/p - ogre
Aim: an ogre, wielding a +0 giant club (lightly wounded, very poisoned) Poisonous vapours surround the ogre!
The ogre looks even sicker.
You barely miss the ogre.
The ogre is lightly wounded.
The ogre hits you with a +0 giant club!!
You hit the ogre.
The ogre is lightly wounded.
You hit the ogre but do no damage.
The ogre looks as sick as possible!
The ogre is lightly wounded.
The ogre hits you with a +0 giant club.
You hit the ogre but do no damage.
The ogre looks as sick as possible!
The ogre is lightly wounded.
The ogre barely misses you.
You barely miss the ogre.
The ogre is moderately wounded.
You hit the ogre.
The ogre looks as sick as possible!
The ogre is moderately wounded.
The ogre hits you with a +0 giant club!
* * * LOW HITPOINT WARNING * * *
You barely miss the ogre.
The ogre is severely wounded.
Your magical contamination has completely faded away.
You hit the ogre but do no damage.
The ogre looks as sick as possible!
The ogre is severely wounded.
The ogre hits you with a +0 giant club!!
You die...

* ....###*##.#
## #.....##.##
# *#.......#
###....)# *
##...##
#######..# *,
#####........#
.............##
*
#############@#
*, , #O# * ,
...* * ,, ,
#.... * , , ,
,, ,, ...##. ,
, ....# #. ,, *
....# #., ,
,.....?* #. , ,


You could see an ogre (extremely poisoned).

Vanquished Creatures
  Jessica (D:2)
  Robin (D:3)
  5 adders
  A worm (D:2)
  A dart slug (D:1)
  4 ball pythons
  11 endoplasms
  2 giant cockroaches
  13 goblins
  3 hobgoblins (D:3)
  12 jackals
  A quokka (D:2)
  3 bats
  4 frilled lizards (D:2)
  4 kobolds
  3 rats
69 creatures vanquished.

Vanquished Creatures (others)
  A goblin (D:3)
  A plant (D:1)
2 creatures vanquished.

Grand Total: 71 creatures vanquished

Notes
Turn   | Place    | Note
-------+----------+-------------------------------------------
     0 | D:1      | Armakuni the Meteoran Wanderer began the quest for the Orb.
     0 | D:1      | Armakuni set off with the following items: a +2 spear, a +0
                  | scale mail, a scroll of teleportation; and the following
                  | spells available to memorise: Poisonous Vapours, Cigotuvi's
                  | Dreadful Rot.
     0 | D:1      | Reached XP level 1. HP: 16/16 MP: 3/3
    57 | D:1      | Found a faded altar of an unknown god.
    84 | D:1      | Reached XP level 2. HP: 22/24 MP: 5/5
   120 | D:1      | Learned a level 2 spell: Poisonous Vapours
   289 | D:1      | Reached XP level 3. HP: 27/30 MP: 6/6
   296 | D:1      | Reached skill level 2 in Air Magic
   363 | D:2      | Noticed Jessica
   371 | D:2      | Killed Jessica
   372 | D:2      | Reached skill level 3 in Air Magic
   372 | D:2      | Reached XP level 4. HP: 18/37 MP: 7/7
   575 | D:2      | Reached skill level 4 in Air Magic
   636 | D:2      | Reached XP level 5. HP: 39/42 MP: 1/8
   924 | D:3      | Found Osoahisk's Armour Emporium.
  1062 | D:3      | Found a stormy altar of Qazlal.
  1192 | D:3      | Noticed Robin
  1200 | D:3      | Reached skill level 5 in Air Magic
  1226 | D:3      | Killed Robin
  1343 | D:3      | Found Ydivowup's Armour Shop.
  1520 | D:3      | Identified the +10 falchion of the Pits of Slime {venom,
                  | +Blink Int-5 Dex+7 Stlth+}
  1554 | D:3      | Found Umyoroczoe's Weapon Emporium.
  1565 | D:3      | Bought a +0 spear of venom for 61 gold pieces
  1608 | D:4      | Reached XP level 6. HP: 50/50 MP: 9/9
  1681 | D:4      | Noticed an ogre
  1693 | D:4      | Mangled by an ogre

Illustrated notes

Levels and vault maps discovered:
D:1:      reono_arrival_forest_river, layout_loops_ring,
          hellmonk_ecumenical_altar_slurped_away, chequers_big_river
D:2:      layout_loops_ring, kennysheep_jessica_study
D:3:      layout_loops_corners, grunt_qazlal_clouds, serial_shops,
          nicolae_shop_stone, nicolae_square_shop, nicolae_lakefront_shop,
          shop_coins, st_stairs_3, chequers_serial_rivers_room_b, uniq_robin
D:4:      layout_cave_pods, uniq_pikel

Skill      XL: |  1  2  3  4  5 |
---------------+----------------+-----
Fighting       | 2 |  2.4
Air Magic      | 3 4 5 |  5.6
Polearms       | |  3.6
Throwing       | |  1.2
Armour         | |  2.4
Spellcasting   | |  1.3
Evocations     | |  1.2

Action                   |  1- 3 |  4- 6 || total
-------------------------+-------+-------++-------
Melee: Spear             |    55 |   138 ||   193
       Falchion          |       |     6 ||     6
 Cast: Poisonous Vapours |       |    13 ||    13
  Use: Scroll            |       |     6 ||     6
       Potion            |       |     2 ||     2
Armor: Ring mail         |    16 |    45 ||    61
Dodge: Dodged            |    16 |    51 ||    67

Table legend: (Time is in decaauts)
 A = Elapsed time spent in this place.
 B = Non-inter-level travel time spent in this place.
 C = Inter-level travel time spent in this place.
 D = Time resting spent in this place.
 E = Time spent auto-exploring this place.
 F = Levels seen in this place.
 G = Mean time per level.
                   A        B        C        D        E       F      G
               +--------+--------+--------+--------+--------+-----+--------+
         Total |   1695 |   1522 |    173 |     37 |    290 |   4 |  423.8 |
       Dungeon |   1695 |   1522 |    173 |     37 |    290 |   4 |  423.8 |
               +--------+--------+--------+--------+--------+-----+--------+

Top non-repeatable levels by time:
     D:3: 656 daAuts
     D:2: 528 daAuts
     D:1: 396 daAuts
     D:4: 114 daAuts
